3AAA
HAMILTON COYOTES @ SUNSET DISTRICT FOG
05/07/2029
 
TOP OF THE 1ST
Hamilton Coyotes batting - Pitching for Sunset District Fog : RHP Panda Montana
Pitching: RHP Panda Montana
Batting: LHB Ruben Yim 0-0: Called Strike
0-1: Ball
1-1: Ball
2-1: Swinging Strike
2-2: Fly out, F5 (Popup, 56)
Batting: RHB Robert Hill 0-0: Called Strike
0-1: Swinging Strike
0-2: Ball
1-2: Strikes out swinging
Batting: RHB Júlio Rodríguez 0-0: Foul Ball, location: 2F
0-1: Ball
1-1: Called Strike
1-2: Fly out, F8 (Flyball, 89D)
Top of the 1st over - 0 runs, 0 hits, 0 errors, 0 left on base; Hamilton 0 - Sunset District 0
BOTTOM OF THE 1ST
Sunset District Fog batting - Pitching for Hamilton Coyotes : RHP Manny Castro
Pitching: RHP Manny Castro
Batting: RHB Reginald Kalkman 0-0: Ball
1-0: Ball
2-0: Called Strike
2-1: Called Strike
2-2: Ball
3-2: Ground out 4-3 (Groundball, 4)
Batting: RHB Raúl Chávez 0-0: Ball
1-0: Called Strike
1-1: Swinging Strike
1-2: Fly out, F7 (Flyball, 78M)
Batting: RHB Alfonso Nazario 0-0: Ball
1-0: Called Strike
1-1: Foul Ball, location: 2F
1-2: Strikes out looking and he ARGUES THE CALL AND IS TOSSED!
Bottom of the 1st over - 0 runs, 0 hits, 0 errors, 0 left on base; Hamilton 0 - Sunset District 0
TOP OF THE 2ND
Hamilton Coyotes batting - Pitching for Sunset District Fog : RHP Panda Montana
Now at 1B: Chad Shafer
Batting: LHB Andrés Chávez 0-0: Ball
1-0: Foul Ball, location: 2F
1-1: Foul Ball, location: 2F
1-2: Ground out U3 (Groundball, 34)
Batting: RHB Noel Wells 0-0: Ball
1-0: Called Strike
1-1: Ground out 5-3 (Groundball, 5)
Batting: RHB Jesús Soto 0-0: Called Strike
0-1: Swinging Strike
0-2: Ground out 5-3 (Groundball, 56)
Top of the 2nd over - 0 runs, 0 hits, 0 errors, 0 left on base; Hamilton 0 - Sunset District 0
BOTTOM OF THE 2ND
Sunset District Fog batting - Pitching for Hamilton Coyotes : RHP Manny Castro
Batting: RHB Simon Yusaf Khel 0-0: Ball
1-0: Swinging Strike
1-1: Ball
2-1: Ball
3-1: Base on Balls
Batting: SHB Joaquín Reyes 0-0: Ball
1-0: Foul Ball, location: 2F
1-1: Ball
2-1: Called Strike
2-2: Strikes out swinging
Batting: RHB Armando Rodríguez 0-0: Foul Ball, location: 2F
0-1: Fly out, F3 (Popup, 34S)
Batting: LHB Armando Carmona 0-0: Ball
1-0: Fly out, F7 (Flyball, 7S)
Bottom of the 2nd over - 0 runs, 0 hits, 0 errors, 1 left on base; Hamilton 0 - Sunset District 0
TOP OF THE 3RD
Hamilton Coyotes batting - Pitching for Sunset District Fog : RHP Panda Montana
Batting: RHB Rodrigo Pagán 0-0: SINGLE (Groundball, 6D)
Batting: RHB Raleigh Delaney 0-0: Foul Ball, location: 2F
0-1: Ball
1-1: Ball
2-1: Called Strike
Rodrigo Pagán steals 2nd base
2-2: Foul Ball, location: 2F
2-2: Strikes out swinging
Batting: RHB Henry Mann 0-0: Called Strike
0-1: Ball
1-1: Ball
2-1: Foul Ball, location: 2F
2-2: Ball
3-2: Foul Ball, location: 2F
3-2: Base on Balls
Batting: LHB Ruben Yim 0-0: Ball
1-0: Ball
2-0: Foul Ball, location: 2F
2-1: Foul Ball, location: 2F
2-2: Reached on error, E6 (Groundball, 6M)
Rodrigo Pagán to third
Henry Mann to second
Batting: RHB Robert Hill 0-0: SINGLE (Groundball, 4MD)
Rodrigo Pagán scores
Henry Mann to third
Ruben Yim to second
Runner from 3rd tries for Home, SAFE, throw made home
Batting: RHB Júlio Rodríguez 0-0: Foul Ball, location: 2F
0-1: Fly out, F8 (Flyball, 8RXD)
Runner from 2nd tags up, SAFE at 3rd, no throw
Batting: LHB Andrés Chávez 0-0: Called Strike
0-1: Ball
1-1: Ball
2-1: Foul Ball, location: 2F
2-2: Fly out, F9 (Flyball, 9S)
Top of the 3rd over - 2 runs, 2 hits, 1 error, 2 left on base; Hamilton 2 - Sunset District 0
BOTTOM OF THE 3RD
Sunset District Fog batting - Pitching for Hamilton Coyotes : RHP Manny Castro
Batting: RHB José Vargas 0-0: Called Strike
0-1: Ball
1-1: Ball
2-1: Ball
3-1: Base on Balls
Batting: SHB Orlando Villa 0-0: Swinging Strike
0-1: Ball
1-1: Ball
2-1: Ball
3-1: Base on Balls
José Vargas to second
Batting: RHB Reginald Kalkman 0-0: Called Strike
0-1: Swinging Strike
0-2: Ball
1-2: Ball
2-2: Ball
3-2: Base on Balls
José Vargas to third
Orlando Villa to second
Batting: RHB Raúl Chávez 0-0: Called Strike
0-1: Fly out, F9 (Line Drive, 89D)
Runner from 3rd tags up, SCORES, throw made
Batting: RHB Chad Shafer 0-0: Swinging Strike
0-1: Called Strike
0-2: Ball
1-2: Foul Ball, location: 2F
1-2: Ball
2-2: Ball
3-2: SINGLE (Groundball, 6) (infield hit)
Orlando Villa to third
Reginald Kalkman to second
Batting: RHB Simon Yusaf Khel 0-0: Called Strike
0-1: SINGLE (Groundball, 5S) (infield hit)
Orlando Villa scores
Reginald Kalkman to third
Chad Shafer to second
Batting: SHB Joaquín Reyes 0-0: Ball
1-0: Ball
2-0: Called Strike
2-1: Ball
3-1: Swinging Strike
3-2: Strikes out swinging
Batting: RHB Armando Rodríguez 0-0: SINGLE (Groundball, 4MD)
Reginald Kalkman scores
Chad Shafer to third
Simon Yusaf Khel to second
Runner from 3rd tries for Home, SAFE, throw made home
Batting: LHB Armando Carmona 0-0: Foul Ball, location: 2F
0-1: SINGLE (Flyball, 8RS)
Simon Yusaf Khel to third
Armando Rodríguez to second
Runner from 3rd tries for Home, SAFE, throw made home
Batting: RHB José Vargas 0-0: Ball
1-0: Swinging Strike
1-1: Foul Ball, location: 2F
1-2: Hit by Pitch
Armando Rodríguez to third
Armando Carmona to second
Batting: SHB Orlando Villa 0-0: Called Strike
0-1: SINGLE (Flyball, 89S)
Armando Rodríguez scores
Armando Carmona to third
José Vargas to second
Runner from 3rd tries for Home, SAFE, throw made at trailing runner, OUT at third!
Bottom of the 3rd over - 7 runs, 5 hits, 0 errors, 1 left on base; Hamilton 2 - Sunset District 7
TOP OF THE 4TH
Hamilton Coyotes batting - Pitching for Sunset District Fog : RHP Panda Montana
Batting: RHB Noel Wells 0-0: Ground out 5-3 (Groundball, 56)
Batting: RHB Jesús Soto 0-0: Called Strike
0-1: Foul Ball, location: 2F
0-2: Ball
1-2: Fly out, F7 (Line Drive, 7S)
Batting: RHB Rodrigo Pagán 0-0: Ground out 6-3 (Groundball, 6M)
Top of the 4th over - 0 runs, 0 hits, 0 errors, 0 left on base; Hamilton 2 - Sunset District 7
BOTTOM OF THE 4TH
Sunset District Fog batting - Pitching for Hamilton Coyotes : RHP Manny Castro
Batting: RHB Reginald Kalkman 0-0: Called Strike
0-1: Swinging Strike
0-2: Ball
1-2: Foul Ball, location: 2F
1-2: Foul Ball, location: 2F
1-2: Foul Ball, location: 2F
1-2: Ball
2-2: Foul Ball, location: 2F
2-2: Ball
3-2: Ground out 4-3 (Groundball, 4)
Batting: RHB Raúl Chávez 0-0: Ball
1-0: Foul Ball, location: 2F
1-1: SINGLE (Groundball, 5D)
Batting: RHB Chad Shafer 0-0: Swinging Strike
0-1: Called Strike
0-2: Ball
1-2: Strikes out looking
Batting: RHB Simon Yusaf Khel 0-0: Foul Ball, location: 2F
0-1: Ball
1-1: Ball
2-1: Called Strike
2-2: Fly out, F7 (Flyball, 7LDF)
Bottom of the 4th over - 0 runs, 1 hit, 0 errors, 1 left on base; Hamilton 2 - Sunset District 7
TOP OF THE 5TH
Hamilton Coyotes batting - Pitching for Sunset District Fog : RHP Panda Montana
Batting: RHB Raleigh Delaney 0-0: Foul Ball, location: 2F
0-1: Called Strike
0-2: Ball
1-2: Ball
2-2: Ball
3-2: Base on Balls
Batting: RHB Henry Mann 0-0: Called Strike
0-1: Ball
1-1: Hit by Pitch
Raleigh Delaney to second
Batting: LHB Ruben Yim 0-0: Ball
1-0: Called Strike
1-1: Fly out, F8 (Flyball, 8LS)
Batting: RHB Robert Hill 0-0: Called Strike
0-1: Called Strike
0-2: Ball
1-2: Strikes out looking
Batting: RHB Júlio Rodríguez 0-0: Called Strike
0-1: Ball
1-1: Foul Ball, location: 2F
1-2: Foul Ball, location: 2F
1-2: Strikes out swinging
Top of the 5th over - 0 runs, 0 hits, 0 errors, 2 left on base; Hamilton 2 - Sunset District 7
BOTTOM OF THE 5TH
Sunset District Fog batting - Pitching for Hamilton Coyotes : RHP Manny Castro
Batting: SHB Joaquín Reyes 0-0: Fly out, F9 (Flyball, 9S)
Batting: RHB Armando Rodríguez 0-0: Swinging Strike
0-1: Ground out 2-3 (Groundball, 15S)
Batting: LHB Armando Carmona 0-0: Called Strike
0-1: Ball
1-1: Ball
2-1: Foul Ball, location: 2F
2-2: Ball
3-2: Ground out 3-1 (Groundball, 34)
Bottom of the 5th over - 0 runs, 0 hits, 0 errors, 0 left on base; Hamilton 2 - Sunset District 7
TOP OF THE 6TH
Hamilton Coyotes batting - Pitching for Sunset District Fog : RHP Panda Montana
Batting: LHB Andrés Chávez 0-0: Ball
1-0: Ground out 6-3 (Groundball, 6)
Batting: RHB Noel Wells 0-0: Called Strike
0-1: Called Strike
0-2: Foul Ball, location: 2F
0-2: Ball
1-2: Foul Ball, location: 2F
1-2: Foul Ball, location: 2F
1-2: Ball
2-2: Fly out, F4 (Popup, 34S)
Batting: RHB Jesús Soto 0-0: Ball
1-0: Foul Ball, location: 2F
1-1: Called Strike
1-2: Ball
2-2: Strikes out looking
Top of the 6th over - 0 runs, 0 hits, 0 errors, 0 left on base; Hamilton 2 - Sunset District 7
BOTTOM OF THE 6TH
Sunset District Fog batting - Pitching for Hamilton Coyotes : RHP Manny Castro
Batting: RHB José Vargas 0-0: Ball
1-0: Ground out U3 (Groundball, 34)
Batting: SHB Orlando Villa 0-0: Called Strike
0-1: Ground out 6-3 (Groundball, 6D)
Batting: RHB Reginald Kalkman 0-0: Fly out, F3 (Popup, 3SF)
Bottom of the 6th over - 0 runs, 0 hits, 0 errors, 0 left on base; Hamilton 2 - Sunset District 7
TOP OF THE 7TH
Hamilton Coyotes batting - Pitching for Sunset District Fog : RHP Panda Montana
Pitching: LHP Cristo Perales
Batting: RHB Rodrigo Pagán 0-0: Ball
1-0: Ball
2-0: Swinging Strike
2-1: Swinging Strike
2-2: Foul Ball, location: 2F
2-2: Fly out, F8 (Flyball, 8LD)
Batting: RHB Raleigh Delaney 0-0: Called Strike
0-1: Ball
1-1: Swinging Strike
1-2: Foul Ball, location: 2F
1-2: Ball
2-2: SINGLE (Groundball, 6MD)
Batting: RHB Henry Mann 0-0: Ball
1-0: Foul Ball, location: 2F
1-1: Ball
2-1: Ground out 3-1 (Groundball, 34S)
Raleigh Delaney to second
Batting: LHB Ruben Yim 0-0: Ball
1-0: Called Strike
1-1: Ground out 6-3 (Groundball, 6)
Top of the 7th over - 0 runs, 1 hit, 0 errors, 1 left on base; Hamilton 2 - Sunset District 7
BOTTOM OF THE 7TH
Sunset District Fog batting - Pitching for Hamilton Coyotes : RHP Manny Castro
Batting: RHB Raúl Chávez 0-0: Ball
1-0: Ball
2-0: Called Strike
2-1: Ground out 6-3 (Groundball, 6)
Batting: RHB Chad Shafer 0-0: Foul Ball, location: 2F
0-1: Ball
1-1: Foul Ball, location: 2F
1-2: Foul Ball, location: 2F
1-2: SINGLE (Line Drive, 3)
Pitching: RHP Dave Wheeler
Batting: RHB Simon Yusaf Khel 0-0: Ball
1-0: Called Strike
1-1: Ball
2-1: Ball
3-1: Base on Balls
Chad Shafer to second
Batting: SHB Joaquín Reyes 0-0: Ball
1-0: Ball
2-0: Fly out, F6 (Popup, 6MD)
Batting: RHB Armando Rodríguez 0-0: Swinging Strike
0-1: Ball
1-1: Ball
2-1: Fly out, F9 (Flyball, 9LS)
Bottom of the 7th over - 0 runs, 1 hit, 0 errors, 2 left on base; Hamilton 2 - Sunset District 7
TOP OF THE 8TH
Hamilton Coyotes batting - Pitching for Sunset District Fog : LHP Cristo Perales
Now at SS: Esteban Lugo
Batting: RHB Robert Hill 0-0: Swinging Strike
0-1: Ball
1-1: Swinging Strike
1-2: Ground out 4-3 (Groundball, 34)
Batting: RHB Júlio Rodríguez 0-0: Ball
1-0: Foul Ball, location: 2F
1-1: Called Strike
1-2: Ball
2-2: Ball
3-2: Foul Ball, location: 2F
3-2: SINGLE (Line Drive, 6M)
Batting: LHB Andrés Chávez 0-0: SINGLE (Line Drive, 34D)
Júlio Rodríguez to second
Batting: RHB Noel Wells 0-0: Ball
1-0: Swinging Strike
1-1: Fly out, F9 (Flyball, 89M)
Batting: RHB Jesús Soto 0-0: Ball
1-0: Ball
2-0: Called Strike
2-1: Ball
3-1: Base on Balls
Júlio Rodríguez to third
Andrés Chávez to second
Batting: RHB Rodrigo Pagán 0-0: Called Strike
0-1: Ball
1-1: Hit by Pitch
Júlio Rodríguez scores
Andrés Chávez to third
Jesús Soto to second
Batting: RHB Raleigh Delaney 0-0: Ball
1-0: Ball
2-0: Fielders Choice at 2nd, 6-4 (Groundball, 6)
Top of the 8th over - 1 run, 2 hits, 0 errors, 3 left on base; Hamilton 3 - Sunset District 7
BOTTOM OF THE 8TH
Sunset District Fog batting - Pitching for Hamilton Coyotes : RHP Dave Wheeler
Batting: LHB Armando Carmona 0-0: Foul Ball, location: 2F
0-1: Ball
1-1: Ground out 1-3 (Groundball, 15S)
Batting: RHB José Vargas 0-0: Ball
1-0: Called Strike
1-1: Ball
2-1: Foul Ball, location: 2F
2-2: Strikes out swinging
Batting: SHB Orlando Villa 0-0: Swinging Strike
0-1: Foul Ball, location: 2F
0-2: DOUBLE (Line Drive, 3D)
Batting: RHB Reginald Kalkman 0-0: SINGLE (Line Drive, 7LM)
Orlando Villa to third
Runner from 3rd tries for Home, SAFE, no throw
Batting: RHB Raúl Chávez 0-0: Foul Ball, location: 2F
0-1: Foul Ball, location: 2F
0-2: Fly out, F8 (Flyball, 8LM)
Bottom of the 8th over - 1 run, 2 hits, 0 errors, 1 left on base; Hamilton 3 - Sunset District 8
TOP OF THE 9TH
Hamilton Coyotes batting - Pitching for Sunset District Fog : LHP Cristo Perales
Batting: RHB Henry Mann 0-0: Swinging Strike
0-1: Ball
1-1: Foul Ball, location: 2F
1-2: Ball
2-2: Ground out 4-3 (Groundball, 34)
Batting: LHB Ruben Yim 0-0: Ball
1-0: Swinging Strike
1-1: Swinging Strike
1-2: Fly out, F3 (Popup, 34)
Batting: RHB Robert Hill 0-0: Called Strike
0-1: Swinging Strike
0-2: Ball
1-2: Strikes out swinging
Top of the 9th over - 0 runs, 0 hits, 0 errors, 0 left on base; Hamilton 3 - Sunset District 8
Tuesday, December 19th, 2017 - OOTP Baseball 18.8 Build 76